 Dungeon Crawl Stone Soup version 0.16-a0-3743-g5a2f293 (webtiles) character file.

321 taqueso the Insei (level 6, -3/46 HPs)
             Began as a Demonspawn Hunter on Jan 22, 2015.
             Was a Believer of Cheibriados.
             Killed from afar by an orc wizard (8 damage)
             ... with a magic dart
             ... on level 4 of the Dungeon on Jan 23, 2015.
             The game lasted 00:15:29 (3394 turns).

taqueso the Insei (Demonspawn Hunter)               Turns: 3394, Time: 00:15:29

Health: -3/46      AC:  7    Str: 17    XL:     6   Next: 22%
Magic:  6/6        EV: 11    Int: 16    God:    Cheibriados [**....]
Gold:   169        SH:  0    Dex: 19    Spells: 0 memorised, 5 levels left

rFire  . . .     SeeInvis +       - Unarmed
rCold  + . .     Clarity  .     B - +0 ring mail (curse)
rNeg   . . .     SustAb   .     (no shield)
rPois  .         Gourm    .     (no helmet)
rElec  .         Spirit   .     (no cloak)
rCorr  .         Warding  .     u - +0 pair of gloves
rMut   .         Stasis   .     i - +0 pair of boots
MR     .....                    (no amulet)
Stlth  +.........               (no ring)
                                v - ring of see invisible {sInv, !d}

@: very slow, not resistant to hostile enchantments, very unstealthy
A: cold resistance 1, icemail, freezing cloud immunity
a: Bend Time, Renounce Religion


You were on level 4 of the Dungeon.
You worshipped Cheibriados.
Cheibriados was pleased with you.
You were not hungry.

You visited 1 branch of the dungeon, and saw 4 of its levels.

You collected 169 gold pieces.

Inventory:

Hand weapons
 a - a +0 club
   (You took it off a goblin on level 1 of the Dungeon)
 g - a +0 dagger
   (You took it off Jessica on level 2 of the Dungeon)
 h - a cursed -2 hunting sling
   (You found it on level 1 of the Dungeon)
 k - a +0 club
   (You took it off a goblin on level 1 of the Dungeon)
 l - a +0 dagger
   (You found it on level 1 of the Dungeon)
 o - a +0 dagger
   (You took it off a kobold on level 1 of the Dungeon)
 q - a cursed -1 club
   (You took it off a hobgoblin on level 1 of the Dungeon)
Missiles
 c - 2 throwing nets {=f, !d}
 e - 205 stones (quivered)
 r - 18 poisoned needles
 s - 4 javelins
 y - 3 tomahawks
 E - 7 needles of frenzy
Armour
 d - a +0 leather armour
 i - a +0 pair of boots (worn)
   (You found it on level 1 of the Dungeon)
 u - a +0 pair of gloves (worn)
   (You found it on level 2 of the Dungeon)
 B - a cursed +0 ring mail (worn)
   (You found it on level 2 of the Dungeon)
 G - a cursed +0 leather armour
   (You found it on level 3 of the Dungeon)
 H - a +0 scale mail
   (You found it on level 3 of the Dungeon)
 I - a +0 cloak
   (You found it on level 4 of the Dungeon)
Jewellery
 v - a ring of see invisible (left hand) {sInv, !d}
   (You found it on level 2 of the Dungeon)
Magical devices
 b - a wand of hasting (3)
   (You took it off Ijyb on level 2 of the Dungeon)
Scrolls
 m - a scroll of fog {unknown}
 p - 5 scrolls of identify {unknown}
 t - a scroll of enchant weapon {unknown}
 w - a scroll of recharging {unknown}
 x - 2 scrolls of blinking {unknown}
 z - a scroll of magic mapping {unknown}
 C - a scroll of noise {unknown}
Comestibles
 f - 2 bread rations {@e1}
 j - a chunk of flesh {@w0}
 D - a slice of pizza
 F - a meat ration {@e2}
 J - a beef jerky


   Skills:
 + Level 2.4 Fighting
 - Level 3.7 Throwing
 + Level 1.6 Armour
 - Level 1.9 Dodging
 - Level 0.8 Stealth
 * Level 4.9 Unarmed Combat


You had 5 spell levels left.
You didn't know any spells.

Dungeon Overview and Level Annotations

Branches:
Dungeon (4/15)
 Temple: D:4-7

Altars:
Ashenzari
Cheibriados
Elyvilon
Ru


Innate Abilities, Weirdness & Mutations

Your flesh is cold resistant.
A meltable icy envelope protects you from harm and freezing vapours (AC +0).
You are immune to freezing clouds.


Message History

The orc priest closely misses you.
You completely miss the orc priest.
The orc priest hits you but does no damage.
You hit the orc priest. The orc priest barely misses you.
You hit the orc priest but do no damage.
You hit the orc priest but do no damage.
The orc priest hits you but does no damage.
You barely miss the orc priest.
The orc priest looks braver.
You hit the orc priest but do no damage.
The orc priest closely misses you.
You hit the orc priest.
The orc priest glows brightly for a moment.
You hit the orc priest but do no damage.
The orc priest looks braver.
You hit the orc priest but do no damage.
The orc priest closely misses you.
You barely miss the orc priest. The orc priest hits you with a whip.
You take 1 damage, and have 12/38 hp.
You hit the orc priest but do no damage.
You punch the orc priest, but do no damage.
The orc priest misses you.
You hit the orc priest but do no damage.
You barely miss the orc priest.
The orc priest hits you but does no damage.
You hit the orc priest.
You kill the orc priest!
Cheibriados appreciates the change of pace.
You have reached level 6!
Your experience leads to an increase in your attributes!
Your base attributes are Str 13, Int 12, Dex 14.
Increase (S)trength, (I)ntelligence, or (D)exterity?
You feel agile.
You regained 2 hp, and now have 15/45 hp.
MP restored: 6 You now have 169 gold pieces (gained 12).
e - 205 stones (gained 3)
Things that are here:
a whip; a chain mail An orc wizard comes into view.
It is wielding a dagger.
Okay, then.
Unknown command.
The orc wizard gestures at you while chanting.
The magic dart hits you!
You see here a stone.
An orc wizard comes into view. It is wielding a dagger.
The orc wizard barely misses you.
You see here a stone.
You hit the orc wizard. You closely miss the orc wizard.
You hit the orc wizard.
The orc wizard hits you but does no damage. x2
An orc comes into view. It is wielding a hand axe.
You hit the orc wizard.
You kill the orc wizard!
Cheibriados thoroughly appreciates the change of pace.
The orc wizard points at you and mumbles some strange words.
The puff of flame hits you!
Your icy envelope dissipates!
* * * LOW HITPOINT WARNING * * *
You take 8 damage, and have 8/46 hp.
Drink which item? (? for menu, Esc to quit)
It was a potion of curing.
You feel better.
The orc wizard hits you but does no damage.
An orc priest comes into view. It is wielding a mace.
You regained 5 hp, and now have 13/46 hp.
You hit the orc wizard.
The orc wizard hits you but does no damage.
You hit the orc wizard but do no damage.
The orc wizard mumbles some strange words.
The orc wizard flickers and vanishes for a moment.
You hit the orc wizard. The orc wizard barely misses you.
The orc priest glows brightly for a moment.
You punch the orc priest!
The orc wizard gestures at you while chanting.
The magic dart hits you!
* * * LOW HITPOINT WARNING * * *
The orc priest becomes somewhat translucent.
You take 9 damage, and have 5/46 hp.
You hit the orc priest but do no damage.
The orc priest barely misses you.
You hit the orc priest.
You kill the orc priest!
Cheibriados appreciates the change of pace.
The orc hits you with a hand axe.
* * * LOW HITPOINT WARNING * * *
You take 1 damage, and have 4/46 hp.
You hit the orc.
You kill the orc!
Cheibriados appreciates the change of pace.
You hit the orc wizard but do no damage.
The orc wizard barely misses you.
You closely miss the orc wizard. You hit the orc wizard.
The orc wizard casts a spell at you. You resist with some effort.
You barely miss the orc wizard.
The orc wizard points at you and mumbles some strange words.
The magic dart hits you!
You die...

..............# ...
..............#
...............÷..#
...............÷..#
≈≈≈≈≈≈.###....###.##+###
.≈≈≈.≈..##.##.###.##...#
≈≈≈≈≈.≈P##.#...).o...#.#
≈≈≈≈.≈♣P.......o##.#.#.####
≈≈≈≈≈≈...####.(.@).#.#....#
.≈≈.≈≈.......)...#..<#..#.#
.P..P.......#.##.#......#.###
............#....#......#...#
...........########.....###.#
.............#..........# #.#
...........#.#.#####..#####.#
..........##.#.# ##.#...#.#
############.#.######...#.#.#


You could see an orc wizard (invisible).

Vanquished Creatures
  2 orc priests (D:4)
  A hound (D:4)
  A worker ant (D:4)
  2 orc wizards
  Ijyb (D:2)
  Jessica (D:2)
  5 adders
  A worm (D:2)
  2 giant geckos
  2 oozes (D:1)
  6 orcs
  7 bats
  A bat skeleton (D:4)
  9 giant cockroaches
  8 goblins
  7 hobgoblins
  6 jackals (D:3)
  3 kobolds
  A ball python (D:4)
  5 giant newts
  A quokka skeleton (D:4)
  4 rats
76 creatures vanquished.

Vanquished Creatures (others)
  A hobgoblin (D:2)
  A quokka (D:2)
2 creatures vanquished.

Grand Total: 78 creatures vanquished

Notes
Turn   | Place    | Note
--------------------------------------------------------------
     0 | D:1      | taqueso, the Demonspawn Hunter, began the quest for the Orb.
     0 | D:1      | Reached XP level 1. HP: 16/16 MP: 1/1
   123 | D:1      | Reached skill level 1 in Unarmed Combat
   301 | D:1      | Gained mutation: Your flesh is cold resistant. [demonic ancestry]
   301 | D:1      | Reached XP level 2. HP: 22/22 MP: 2/2
   587 | D:1      | Reached skill level 2 in Unarmed Combat
   606 | D:2      | Noticed Jessica
   609 | D:2      | Killed Jessica
   609 | D:2      | Gained mutation: You are immune to freezing clouds. [demonic ancestry]
   609 | D:2      | Reached XP level 3. HP: 27/27 MP: 3/3
   647 | D:2      | Noticed Ijyb
   655 | D:2      | Killed Ijyb
   655 | D:2      | Reached skill level 3 in Unarmed Combat
   984 | D:2      | Found a shattered altar of Ashenzari.
   999 | D:2      | Found a white marble altar of Elyvilon.
  1049 | D:2      | HP: 5/27 [adder (3)]
  1057 | D:2      | Gained mutation: A meltable icy envelope protects you from harm and freezing vapours (AC +0). [demonic ancestry]
  1057 | D:2      | Reached XP level 4. HP: 20/33 MP: 4/4
  1201 | D:2      | Found a snail-covered altar of Cheibriados.
  1241 | D:2      | Became a worshipper of Cheibriados the Contemplative
  2031 | D:3      | Found a sacrificial altar of Ru.
  2279 | D:3      | Reached skill level 4 in Unarmed Combat
  2279 | D:3      | Reached XP level 5. HP: 38/38 MP: 5/5
  2966 | D:4      | Reached skill level 1 in Armour
  3373 | D:4      | Reached XP level 6. HP: 15/45 MP: 6/6
  3381 | D:4      | HP: 8/46 [orc wizard/puff of flame (8)]
  3387 | D:4      | HP: 5/46 [orc wizard/magic dart (9)]
  3394 | D:4      | Killed from afar by an orc wizard

Action                   |  1- 3 |  4- 6 || total
-------------------------+-------+-------++-------
Melee: Unarmed           |    87 |   214 ||   301
Throw: Javelin           |    37 |       ||    37
       Stone             |    18 |    84 ||   102
  Use: Scroll            |     1 |       ||     1
       Potion            |     1 |     2 ||     3
 Stab: Sleeping          |       |     1 ||     1
  Eat: Chunk             |       |     7 ||     7

Vault maps used:
D:1:      sevenhm_arrival_forest_fort_large_4
D:2:      ashenzari_conservatory_becter, elyvilon_altar_4, lemuel_crystal_altar,
          minmay_ruptured, uniq_iyjb, uniq_jessica
D:3:      nicolae_ru_sacrificial_ziggurat, dk_noncrumbling_4
D:4:      minmay_temple_entry_nine_rooms, first_bread, kennysheep_diamond,
          serial_bayou_pond_b, kennysheep_another_room,
          nicolae_dithmenos_the_darkroom

Table legend:
 A = Turns spent in this place as a percentage of turns spent in the entire game.
 B = Non-inter-level travel turns spent in this place as a percentage of non-inter-level travel turns spent in the entire game.
 C = Inter-level travel turns spent in this place as a percentage of turns spent in this place.
 D = Turns resting spent in this place as a percentage of non-inter-level travel turns spent in this place.
 E = Turns spent auto-exploring this place as a percentage of non-inter-level travel turns spent in this place.
 F = Non-inter-level travel turns spent in this place divided by the number of levels of this place that you've seen.
                   A       B       C       D       E      F
               +-------+-------+-------+-------+-------+----------------------
         Total | 100.0 | 100.0 |   1.5 |   1.0 |   8.6 | 239.5
       Dungeon | 100.0 | 100.0 |   1.5 |   1.0 |   8.6 | 239.5
               +-------+-------+-------+-------+-------+----------------------

Table legend:
 A = Kills in this place as a percentage of kills in entire the game.
 B = Kills by you in this place as a percentage of kills by you in the entire game.
 C = Kills by friends in this place as a percentage of kills by friends in the entire game.
 D = Other kills in this place as a percentage of other kills in the entire game.
 E = Experience gained in this place as a percentage of experience gained in the entire game.
 F = Experience gained in this place divided by the number of levels of this place that you have seen.
                   A       B       C       D       E      F
               +-------+-------+-------+-------+-------+----------------------
         Total | 100.0 | 100.0 |  -nan |  -nan | 100.0 | 114.8
       Dungeon | 100.0 | 100.0 |  -nan |  -nan | 100.0 | 114.8
               +-------+-------+-------+-------+-------+----------------------
